 Dungeon Crawl Stone Soup version 0.30-a0-347-gf58ed5266c (webtiles) character file.

Game seed: 3115344334291625587

14262 Zonian the Spry (level 12, -2/81 HPs)
             Began as a Djinni Ice Elementalist on Nov 5, 2022.
             Was a Priest of Ashenzari.
             Slain by a cyan ugly thing (16 damage)
             ... on level 11 of the Dungeon.
             The game lasted 00:49:21 (14949 turns).

Zonian the Spry (Djinni Ice Elementalist)          Turns: 14949, Time: 00:49:22

Health: -2/81      AC:  7    Str:  7    XL:     12   Next: 43%
Gold:   1290       EV: 20    Int: 21    God:    Ashenzari [***...] SH: 11 Dex: 15

rFire   + + .      SeeInvis +    g - +8 Vampire's Tooth {vamp}
rCold   x . .      Faith    .    U - +1 buckler of Ashenzari's Stoicism {Fort, Melee} (curse)
rNeg    . . .      Spirit   .    I - +2 robe {Archmagi}
rPois   ∞          Reflect  +    N - +1 helmet "Ensconced With Me" {Cun, Range} (curse)
rElec   .          Harm     .    i - +0 cloak "Eternal Prison" {Range, Evo} (curse)
rCorr   .          Rampage  .    (no gloves)
Will    +....      Archmagi +    (boots unavailable)
Stlth   +++....... Clarity  +    a - amulet "Eternal Together" {Reflect SH+5, Fort, Self} (curse)
HPRegen 0.33/turn                (no ring)
MPRegen 0.00/turn                (no ring)

@: flying, studying 2 skills
A: sickness immunity, fire resistance 2, cold vulnerability 1, float, innate
caster, HP casting, extra vitality 1
a: Renounce Religion, Curse Item, Shatter the Chains


You were on level 11 of the Dungeon.
You worshipped Ashenzari.
Ashenzari was most pleased with you.
You visited 1 branch of the dungeon, and saw 11 of its levels.
You also visited: Sewer, Ossuary and Bailey.

You collected 1519 gold pieces.
You spent 229 gold pieces at shops.

Inventory:

Hand Weapons
 e - the +8 trishula "Condemnation" {holy, anguish, *Noise Fly rN+}
   (You found it in a bailey)

   It has been blessed by the Shining One to cause great damage to the undead
   and demons.
   It inflicts anguish, making its victims' attacks reflect back on them.
   rN:        It protects you from negative energy.
   Fly:       It grants you flight.
   *Noise:    It may make noises in combat.
 g - the +8 Vampire's Tooth (weapon) {vamp}
   (You acquired it on level 4 of the Dungeon)

   It occasionally heals its wielder for the full amount of damage dealt when it
   wounds a living foe.
 r - a +3 vorpal short sword
 y - a +0 dagger of venom
 D - a +1 scimitar of flaming
 O - the +5 dagger of Distraction {venom, Drain Str+9}
   (You bought it in a shop on level 1 of the Dungeon)

   It poisons the flesh of those it strikes.
   Str:       It affects your strength (+9).
   Drain:     It drains your maximum health when unequipped.
 Q - a +0 rapier
 R - the +5 scythe "Finisher" {speed, eviscerate}
   (You found it on level 8 of the Dungeon)

   Attacks with this weapon are significantly faster.
   It may eviscerate those it strikes, slaying them instantly, with a decreasing
   chance against stronger foes.
 X - a +1 falchion of flaming
Missiles
 b - 24 boomerangs
 B - 2 throwing nets
 C - 12 poisoned darts
 E - 2 curare-tipped darts
 T - 4 silver boomerangs
 Y - 4 silver javelins
Armour
 i - the cursed +0 cloak "Eternal Prison" (worn) {Range, Evo}
   (You bought it in a shop on level 6 of the Dungeon)

   It has a curse which improves the following skills: Ranged Combat: Ranged
   Weapons and Throwing.
   Evocations: Evocations.
 t - a +3 leather armour of cold resistance
 w - an orb of light
 I - a +2 robe of the Archmagi (worn)
 M - a scarf of harm
 N - the cursed +1 helmet "Ensconced With Me" (worn) {Cun, Range}
   (You found it on level 5 of the Dungeon)

   It has a curse which improves the following skills: Cunning: Dodging and
   Stealth.
   Ranged Combat: Ranged Weapons and Throwing.
 U - the cursed +1 buckler of Ashenzari's Stoicism (worn) {Fort, Melee}
   (You took it off a spriggan on level 10 of the Dungeon)

   It has a curse which improves the following skills: Fortitude: Armour and
   Shields.
   Melee Combat: Short Blades, Long Blades, Axes, Maces & Flails, Polearms,
   Staves and Unarmed Combat.
 V - a +2 buckler
Jewellery
 a - the cursed amulet "Eternal Together" (around neck) {Reflect SH+5, Fort, Self}
   (You took it off a gnoll on level 8 of the Dungeon)

   [amulet of reflection]

   It reflects blocked missile attacks.
   SH:        It affects your SH (+5).
   It has a curse which improves the following skills: Fortitude: Armour and
   Shields.
   Introspection: Fighting and Spellcasting.
 G - a ring of protection from fire
 W - the ring "Jagick" {*Corrode Will+ Int+4 Dex+10 Slay+4}
   (You found it on level 10 of the Dungeon)

   [ring of willpower]

   Int:       It affects your intelligence (+4).
   Dex:       It affects your dexterity (+10).
   Slay:      It affects your accuracy & damage with ranged weapons and melee
   (+4).
   *Corrode:  It may corrode you when you take damage.
   Will:      It increases your willpower.
Wands
 h - a wand of quicksilver (1)
 s - a wand of polymorph (4)
 A - a wand of charming (9)
 S - a wand of flame (6)
 Z - a wand of mindburst (7)
Scrolls
 c - 2 scrolls of vulnerability
 d - 8 scrolls of teleportation
 k - 3 scrolls of magic mapping
 q - 2 scrolls of summoning
 v - 2 scrolls of poison
 H - 6 scrolls of blinking
 J - a scroll of fear
 K - 2 scrolls of enchant weapon
 L - 6 scrolls of fog
Potions
 f - a potion of magic
 j - a potion of might
 l - 6 potions of curing
 m - 5 potions of haste
 n - 2 potions of mutation
 o - 4 potions of brilliance
 p - a potion of berserk rage
 u - 6 potions of attraction
 x - 4 potions of flight
 z - 4 potions of heal wounds
 F - 5 potions of lignification
 P - a potion of resistance


   Skills:
 + Level 3.9(5.4) Fighting
 - Level 7.9(9.5) Short Blades
 + Level 15.1(16.6) Dodging
 - Level 4.2(5.8) Stealth
 - Level 2.1(4.0) Shields
 + Level 10.2(11.8) Spellcasting


You had 9 spell levels left.
You knew the following spells:

 Your Spells              Type           Power      Damage    Failure   Level
a - Freeze                Ice            100%       1d10      1%          1
b - Frozen Ramparts       Ice            100%       1d16      1%          3
c - Ozocubu's Armour      Ice            75%        N/A       1%          3
d - Summon Ice Beast      Ice/Summ       75%        N/A       1%          4
e - Apportation           Tloc           100%       N/A       1%          1
f - Momentum Strike       Conj/Tloc      100%       3d10      1%          2
g - Stone Arrow           Conj/Erth      100%       3d13      1%          3
h - Dispel Undead         Necr           75%        3d25      1%          4
i - Sticky Flame          Conj/Fire      75%        2d9       1%          4
Your spell library was empty.

Dungeon Overview and Level Annotations

Branches:
Dungeon (11/15)            Temple (0/1) D:5            Lair (0/5) D:11
  Sewer (visited)         Ossuary (visited)          Bailey (visited)
    Orc: D:9-12

Altars:
Ashenzari
Cheibriados
Elyvilon
Makhleb
Nemelex Xobeh
Okawaru
Qazlal
Ru
Trog
Uskayaw
Xom
Yredelemnul
Zin
The Shining One

Shops:
D:1 (   D:6 ([

Annotations:
D:6 2 transporters, Moonkey's ghost, novice DECj


Innate Abilities, Weirdness & Mutations

You are immune to sickness and miasma.
You are immune to poison.
Your flesh is very heat resistant. (rF++)
You are vulnerable to cold. (rC-)
You float through the air rather than walking.
You learn spells naturally, not from books.
Your magical power is your life essence.
You have superior vitality. (+4 MHP)


Message History

Unknown command.
You see here a howler monkey corpse.
The cyan ugly thing attacks as you move away!
The cyan ugly thing tentacle-slaps you! The cyan ugly thing shocks you!
Unknown command.
Casting: Stone Arrow (safe; 1% risk of failure)
Confirm with . or Enter, or press ? or * to list all spells.
You feel a surge of power! A film of ice covers your body!
The cyan ugly thing closely misses you.
Unknown command.
You hit the cyan ugly thing.
You feel better.
The cyan ugly thing is lightly wounded.
The cyan ugly thing tentacle-slaps you. The cyan ugly thing shocks you!
* * * LOW HITPOINT WARNING * * *
You closely miss the cyan ugly thing.
The cyan ugly thing is lightly wounded.
You barely miss the cyan ugly thing.
The cyan ugly thing is lightly wounded.
Unknown command.
Blink to where?
Press: ? - help, Dir - move target Your icy armour will break if you move.
Continue?
Your icy armour cracks and falls away as you move.
As you read the scroll of blinking, it crumbles to dust.
Aiming: Polymorph
Press: ? - help, Shift-Dir - straight line, f - cyan ugly thing
Aim: a cyan ugly thing (lightly wounded, will change colour)
Okay, then.
There is an open door here.
You see here a manticore skeleton.
You reach down and close the door.
Something unseen breaks down the door.
The basilisk gazes at you.
You easily resist.
There is an open door here.
The cyan ugly thing attacks as you move away!
The cyan ugly thing tentacle-slaps you!
* * * LOW HITPOINT WARNING * * *
The cyan ugly thing shocks you!
You die...

######### #.#
#.###########.#
#.# #.# #.# #.#
#.# #.# #.# #.#
#.#### ###.#
#.# #.....
#...# #.#
###### #.###
#.# #.# #.# #.#
#@# #.# #u#
#.#####.#
#.......#
#########


You could see a cyan ugly thing.

Vanquished Creatures
  Erica (D:8)
  2 two-headed ogres
  A skeletal warrior (D:8)
  An orc knight (Bailey)
  Pikel (D:5)
  A manticore (D:11)
  A kobold demonologist (D:10)
  An unseen horror (D:11)
  Maggie (D:7)
  2 komodo dragons (D:10)
  2 trolls
  Grinder (D:3)
  A hornet (D:10)
  Prince Ribbit (D:8)
  3 shadows (D:10)
  6 spriggans (D:10)
  3 wraiths (D:8)
  Eustachio (D:5)
  A fire bat (shapeshifter) (D:10)
  2 steam dragons
  Menkaure (D:6)
  2 water moccasins
  Pargi (Sewer)
  3 ice beasts
  A swamp drake (D:8)
  8 orc warriors
  2 sky beasts (D:6)
  4 ogres
  5 centaurs
  A lemure (D:5)
  4 kobold brigands
  Blork the orc (D:6)
  2 gnoll sergeants
  3 bullfrogs
  3 scorpions
  8 wights (D:7)
  6 killer bees
  6 howler monkeys
  4 hounds
  4 jellies
  3 orc priests
  2 gnoll boudas
  2 iguanas (D:5)
  Jessica (D:3)
  Ijyb (D:3)
  Natasha (thrice) (D:3)
  10 orc wizards
  3 mummies (Ossuary)
  31 gnolls
  7 adders
  A river rat (D:5)
  A white imp (D:7)
  2 adder zombies (Ossuary)
  2 worms (D:2)
  The ghost of DeathPants the Sneak, a weakling MiDe (D:5)
  3 dart slugs
  36 orcs
  6 endoplasms
  5 giant cockroaches
  12 goblins
  12 hobgoblins
  7 jackals
  23 kobolds
  4 quokkas (D:1)
  10 ball pythons
  4 bats
  10 frilled lizards
  2 goblin zombies (Ossuary)
  7 hobgoblin zombies (Ossuary)
  4 kobold zombies (Ossuary)
  An orc zombie (Ossuary)
  2 quokka zombies (Ossuary)
  4 rats
324 creatures vanquished.

Vanquished Creatures (collateral kills)
  An orc warlord (Bailey)
  A kobold (Bailey)
2 creatures vanquished.

Vanquished Creatures (others)
  A gnoll bouda (D:8)
1 creature vanquished.

Grand Total: 327 creatures vanquished

Notes
Turn   | Place    | Note
-------+----------+-------------------------------------------
     0 | D:1      | Zonian the Djinni Ice Elementalist began the quest for the
                  | Orb.
     0 | D:1      | Zonian set off with the following spells memorised: Freeze,
                  | Frozen Ramparts, Ozocubu's Armour, Summon Ice Beast.
     0 | D:1      | Reached XP level 1. HP: 15/15 MP: 0/0
   317 | D:1      | Reached XP level 2. HP: 20/21 MP: 0/0
   384 | D:1      | Found Kinnasm's Antique Weapon Boutique.
   607 | D:1      | Reached XP level 3. HP: 9/25 MP: 0/0
   607 | D:1      | Learned a level 1 spell: Apportation
  1235 | D:1      | Reached skill level 3 in Dodging
  1815 | D:2      | Reached XP level 4. HP: 30/31 MP: 0/0
  2159 | D:2      | Found a faded altar of an unknown god.
  2505 | D:3      | Reached XP level 5. HP: 32/35 MP: 0/0
  2505 | D:3      | Learned a level 2 spell: Momentum Strike
  2522 | D:3      | Noticed Grinder
  2532 | D:3      | Killed Grinder
  2533 | D:3      | Reached skill level 4 in Dodging
  2533 | D:3      | Reached XP level 6. HP: 7/40 MP: 0/0
  2890 | D:3      | Found a sacrificial altar of Ru.
  2931 | D:3      | Found a sparkling altar of Nemelex Xobeh.
  2936 | D:3      | Found a basalt altar of Yredelemnul.
  2936 | D:3      | Noticed Ijyb
  2940 | D:3      | Killed Ijyb
  3006 | D:3      | Noticed Natasha
  3090 | D:3      | Killed Natasha
  3415 | D:3      | Noticed Natasha
  3422 | D:3      | Killed Natasha
  3574 | D:3      | Reached XP level 7. HP: 33/45 MP: 0/0
  3574 | D:3      | Learned a level 3 spell: Stone Arrow
  3577 | D:3      | Reached skill level 5 in Dodging
  3905 | D:3      | Noticed Natasha
  3911 | D:3      | Killed Natasha
  3984 | D:3      | Noticed Jessica
  3987 | D:3      | Killed Jessica
  4179 | D:4      | Found a white marble altar of Elyvilon.
  4482 | D:4      | Identified 3 scrolls of acquirement
  4482 | D:4      | Acquired the +8 Vampire's Tooth {vamp}
  4482 | D:4      | Found the +8 Vampire's Tooth {vamp}
  4515 | D:4      | Reached skill level 1 in Short Blades
  4556 | D:4      | Reached XP level 8. HP: 50/50 MP: 0/0
  4567 | D:4      | Reached skill level 5 in Spellcasting
  4857 | D:4      | Found a stormy altar of Qazlal.
  5061 | D:5      | Entered Level 5 of the Dungeon
  5065 | D:5      | Found a glowing drain.
  5069 | D:5      | Noticed Pikel
  5099 | D:5      | Killed Pikel
  5146 | Sewer    | Entered a sewer
  5167 | Sewer    | Noticed Pargi
  5184 | Sewer    | Killed Pargi
  5485 | D:5      | Reached XP level 9. HP: 55/55 MP: 0/0
  5485 | D:5      | Learned a level 4 spell: Dispel Undead
  5734 | D:5      | Found a broken altar of Ashenzari.
  5738 | D:5      | Became a worshipper of Ashenzari the Shackled
  5791 | D:5      | Reached skill level 5 in Short Blades
  5822 | D:5      | Noticed Eustachio
  5835 | D:5      | Killed Eustachio
  5960 | D:5      | Found a glowing golden altar of the Shining One.
  5986 | D:5      | Found a large runed translucent door.
  5986 | D:5      | Found a large runed translucent door.
  5990 | D:5      | Noticed DeathPants's ghost (weakling MiDe)
  6001 | D:5      | Killed DeathPants's ghost
  6033 | D:5      | Found a hide-covered altar of Uskayaw.
  6176 | D:1      | Bought a polished dagger for 175 gold pieces
  6176 | D:1      | Identified the +5 dagger of Distraction {venom, Drain
                  | Str+9} (You bought it in a shop on level 1 of the Dungeon)
  6460 | D:5      | Found a staircase to the Ecumenical Temple.
  6690 | D:6      | Found Atunitac's Weapon Emporium.
  6709 | D:6      | Noticed Blork the orc
  6723 | D:6      | Killed Blork the orc
  6796 | D:6      | Noticed Menkaure
  6802 | D:6      | Found a sand-covered staircase.
  6810 | Ossuary  | Entered an ossuary
  7092 | D:6      | Acquired a manual of Long Blades
  7094 | D:6      | Acquired a manual of Dodging
  7437 | D:6      | Found Asatin's Armour Emporium.
  7445 | D:6      | Bought a +0 cloak for 54 gold pieces
  7514 | D:6      | Found a transporter.
  7516 | D:6      | Found a transporter.
  7520 | D:6      | Noticed Moonkey's ghost (novice DECj)
  7643 | D:6      | Killed Menkaure
  7764 | D:6      | Reached skill level 6 in Dodging
  7777 | D:6      | Reached XP level 10. HP: 57/60 MP: 0/0
  8247 | D:7      | Noticed Maggie
  8265 | D:7      | Killed Maggie
  8266 | D:7      | Reached skill level 7 in Dodging
  8644 | D:7      | Reached skill level 8 in Dodging
  9760 | D:7      | Found a shimmering altar of Xom.
  9937 | D:8      | Found a flagged portal.
  9947 | D:8      | Reached skill level 9 in Dodging
 10069 | Bailey   | Entered a bailey
 10074 | Bailey   | Noticed an orc warlord
 10074 | Bailey   | Found the +8 trishula "Condemnation" {holy, anguish, *Noise
                  | Fly rN+}
 10134 | Bailey   | Noticed an orc knight
 10193 | Bailey   | Killed an orc knight
 10322 | Bailey   | Found a runed translucent gate.
 10327 | Bailey   | Found a runed translucent gate.
 10328 | Bailey   | Found a runed translucent gate.
 10480 | Bailey   | Killed an orc warlord
 10481 | Bailey   | Reached skill level 10 in Dodging
 10481 | Bailey   | Reached XP level 11. HP: 50/65 MP: 0/0
 10481 | Bailey   | Learned a level 4 spell: Sticky Flame
 10550 | D:8      | Acquired 813 gold pieces
 10590 | D:8      | Found an iron altar of Okawaru.
 10593 | D:8      | Noticed Erica
 10604 | D:8      | Reached skill level 11 in Dodging
 10617 | D:8      | Killed Erica
 10764 | D:8      | Noticed Prince Ribbit
 10770 | D:8      | Found a burning altar of Makhleb.
 10798 | D:8      | Killed Prince Ribbit
 10799 | D:8      | Reached skill level 12 in Dodging
 10947 | D:8      | Reached * piety under Ashenzari
 11229 | D:8      | Found a snail-covered altar of Cheibriados.
 11611 | D:8      | Noticed a skeletal warrior
 11611 | D:8      | Found the +5 scythe "Finisher" {speed, eviscerate}
 12346 | D:8      | Found a glowing silver altar of Zin.
 12405 | D:8      | Killed a skeletal warrior
 12698 | D:8      | Reached ** piety under Ashenzari
 12840 | D:9      | Noticed a two-headed ogre
 12843 | D:9      | Killed a two-headed ogre
 12844 | D:9      | Reached skill level 13 in Dodging
 13305 | D:10     | Entered Level 10 of the Dungeon
 13705 | D:10     | Reached *** piety under Ashenzari
 13741 | D:10     | Noticed a sun demon
 13744 | D:10     | Reached skill level 1 in Shields
 13753 | D:10     | Reached skill level 1 in Fighting
 13753 | D:10     | Reached skill level 14 in Dodging
 13762 | D:10     | Reached XP level 12. HP: 72/76 MP: 0/0
 13965 | D:10     | Identified the ring "Jagick" {*Corrode Will+ Int+4 Dex+10
                  | Slay+4}
 13991 | D:10     | Found a bloodstained altar of Trog.
 14209 | D:10     | Noticed a two-headed ogre
 14223 | D:10     | Killed a two-headed ogre
 14224 | D:10     | Reached skill level 10 in Spellcasting
 14674 | D:11     | Reached skill level 15 in Dodging
 14867 | D:11     | Found a staircase to the Lair.
 14949 | D:11     | Slain by a cyan ugly thing

Illustrated notes

Levels and vault maps discovered:
D:1:      ebering_trefoil_3fold, layout_loops_ring, serial_shops, shop
D:2:      layout_basic, shapermc_ecumenical_altar_starsandcircs
D:3:      cheibrodos_thug_alley, layout_basic, nicolae_ru_sacrificial_ziggurat,
          grunt_temple_overflow_open, uniq_jessica, uniq_grinder, uniq_natasha,
          uniq_ijyb
D:4:      minmay_diamond_boxcup, layout_basic, mainiacjoe_overflow_chevrons,
          mainiacjoe_overflow_brackets, mainiacjoe_overflow_catwalk,
          st_stairs_12, hex_large, amcnicky_mini_pool_small
D:5:      layout_loops_ring, overflow_temple_1_default,
          mainiacjoe_overflow_cross_hatched, nicolae_overflow_crystal_walls,
          minmay_temple_entry_poolview, serial_glass, glass_columns_a,
          glass_columns_c, ebering_ghost_disaster_area,
          cheibrodos_sewer_entry_sluice, chequers_serial_rivers_marsh,
          uniq_eustachio, uniq_pikel
D:6:      layout_basic, gammafunk_ghost_hive, enter_ossuary_3, serial_shops,
          nicolae_take_the_stairs, shop, serial_bayou_crossing, uniq_menkaure,
          uniq_blork_the_orc
D:7:      layout_loops_ring, mainiacjoe_overflow_alcove_2, uniq_maggie
D:8:      layout_basic, lemuel_tele_altar, marbit_many_paths,
          old_standard_altar, mainiacjoe_overflow_24_doors, enter_bailey_7,
          minmay_guarded_unrand_finisher, uniq_erica, uniq_prince_ribbit1
D:9:      layout_basic, serial_corexii_hall, chequers_hall_statues_y,
          corexii_hall_statues_l, corexii_hall_statues_x,
          chequers_hall_statues_corner_a
D:10:     kb_forest_paths, layout_irregular_city, lemuel_doored_altar
D:11:     layout_basic, david_lair_generic, chequers_serial_rivers_micro_a,
          uniq_nergalle

Skill      XL: |  1  2  3  4  5  6  7  8  9 10 11 12 |
---------------+-------------------------------------+-----
Stealth        | 2 3 4 |  4.2
Dodging        | 3 4 5 6 10 14 15 | 15.1
Spellcasting   | 4 6 7 8 9 10 | 10.2
Short Blades   | 1 4 6 7 |  7.9
Shields        | 1 2 |  2.1
Fighting       | 1 3 |  3.9

Action                   |  1- 3 |  4- 6 |  7- 9 | 10-12 || total
-------------------------+-------+-------+-------+-------++-------
Melee: Unarmed           |     8 |       |       |       ||     8
       Mace              |     1 |    19 |       |       ||    20
       Short sword       |       |    38 |    32 |       ||    70
       Punch             |       |     1 |     6 |     9 ||    16
       Quick blade       |       |       |   352 |   736 ||  1088
       Trishula          |       |       |       |     7 ||     7
Throw: Dart              |       |       |     1 |       ||     1
       Throwing net      |       |       |       |     1 ||     1
       Boomerang         |       |       |       |     1 ||     1
 Cast: Freeze            |    54 |    36 |     3 |       ||    93
       Momentum Strike   |       |     2 |     1 |     1 ||     4
       Frozen Ramparts   |       |     3 |     1 |     6 ||    10
       Stone Arrow       |       |       |     7 |    17 ||    24
       Dispel Undead     |       |       |     3 |    17 ||    20
       Summon Ice Beast  |       |       |       |     5 ||     5
       Ozocubu's Armour  |       |       |       |     4 ||     4
Invok: Curse Item        |       |       |       |     4 ||     4
Evoke: Wand              |       |     7 |     5 |    11 ||    23
  Use: Scroll            |     1 |     1 |    17 |    13 ||    32
       Potion            |       |       |       |     3 ||     3
 Stab: Sleeping          |       |     2 |    10 |    13 ||    25
       Distracted        |       |       |       |     3 ||     3
Armor: Robe              |     7 |    11 |       |    27 ||    45
       Leather armour    |       |     5 |    57 |    28 ||    90
       Skin              |       |       |     1 |       ||     1
Dodge: Dodged            |    33 |    59 |   160 |   252 ||   504
Block: Other             |       |       |       |    24 ||    24
       Buckler           |       |       |       |    53 ||    53
       Reflection        |       |       |       |     1 ||     1

Table legend: (Time is in decaauts)
 A = Elapsed time spent in this place.
 B = Non-inter-level travel time spent in this place.
 C = Inter-level travel time spent in this place.
 D = Time resting spent in this place.
 E = Time spent auto-exploring this place.
 F = Levels seen in this place.
 G = Mean time per level.
                   A        B        C        D        E       F      G
               +--------+--------+--------+--------+--------+-----+--------+
         Total |  14305 |  13944 |    361 |   4536 |   6151 |  14 | 1021.8 |
       Dungeon |  13339 |  12978 |    361 |   4241 |   6100 |  11 | 1212.6 |
         Sewer |    306 |    306 |      0 |    115 |     51 |   1 |  306.0 |
       Ossuary |    240 |    240 |      0 |    108 |      0 |   1 |  240.0 |
        Bailey |    418 |    418 |      0 |     72 |      0 |   1 |  418.0 |
               +--------+--------+--------+--------+--------+-----+--------+

Top non-repeatable levels by time:
     D:8: 2295 daAuts
     D:3: 1884 daAuts
     D:1: 1703 daAuts
     D:7: 1639 daAuts
     D:6: 1339 daAuts
    D:10: 1083 daAuts
     D:4: 967 daAuts
     D:5: 922 daAuts
     D:2: 612 daAuts
     D:9: 530 daAuts
  Bailey: 418 daAuts
    D:11: 362 daAuts
   Sewer: 306 daAuts
 Ossuary: 240 daAuts
